 Dungeon Crawl Stone Soup version 0.21.0-24-g2553a33 (webtiles) character file.

130 Suckerboh the Firebug (level 4, 0/24 HPs)
             Began as a Deep Elf Fire Elementalist on Jan 20, 2018.
             Slain by a gnoll
             ... wielding a +0 spear
              (4 damage)
             ... on level 3 of the Dungeon.
             The game lasted 00:03:08 (1739 turns).

Suckerboh the Firebug (Deep Elf Fire Elementalist)  Turns: 1739, Time: 00:03:09

Health: 0/24       AC:  2    Str:  5    XL:     4   Next: 90%
Magic:  0/12       EV: 13    Int: 21    God:
Gold:   87         SH:  0    Dex: 15    Spells: 3/11 levels left

rFire    . . .     SeeInvis .   (no weapon)
rCold    . . .     Gourm    .   (no shield)
rNeg     . . .     Faith    .   a - +0 robe
rPois    .         Spirit   .   (no helmet)
rElec    .         Reflect  .   (no cloak)
rCorr    .         Harm     .   (no gloves)
MR       .....     Rnd*Tele +   (no boots)
Stlth    ++........             (no amulet)
HPRegen  0.08/turn              m - ring of teleportation (curse)
MPRegen  0.13/turn              (no ring)

@: no status effects
A: no striking features
a: no special abilities


You were on level 3 of the Dungeon.
You were not hungry.

You visited 1 branch of the dungeon, and saw 3 of its levels.

You collected 87 gold pieces.

Inventory:

Armour
 a - a +0 robe (worn)
Jewellery
 m - a cursed ring of teleportation (left hand)
Scrolls
 d - 4 scrolls of identify {unknown}
 e - a scroll of remove curse {unknown}
 f - 2 scrolls of enchant weapon {unknown}
 h - 2 scrolls of fear {unknown}
 j - a scroll of amnesia {unknown}
 l - a scroll of blinking {unknown}
Potions
 g - 3 potions of degeneration {unknown}
 n - a potion of might {unknown}
Books
 b - a book of Flames

   Spells                             Type                      Level
   a - Flame Tongue                   Conjuration/Fire             1
   b - Throw Flame                    Conjuration/Fire             2
   c - Conjure Flame                  Conjuration/Fire             3
   d - Inner Flame                    Hexes/Fire                   3
   e - Sticky Flame                   Conjuration/Fire             4
   f - Fireball                       Conjuration/Fire             5
 k - a book of Maledictions

   Spells                             Type                      Level
   a - Corona                         Hexes                        1
   b - Ensorcelled Hibernation        Hexes/Ice                    2
   c - Confuse                        Hexes                        3
   d - Tukima's Dance                 Hexes                        3
   e - Dazzling Spray                 Conjuration/Hexes            3
Comestibles
 c - 5 rations
 i - 4 chunks of flesh


   Skills:
 + Level 2.7 Dodging
 - Level 2.4 Stealth
 + Level 4.4 Spellcasting
 * Level 2.7 Conjurations
 + Level 4.7 Fire Magic


You had 3 spell levels left.
You knew the following spells:

 Your Spells              Type           Power        Failure   Level  Hunger
a - Flame Tongue          Conj/Fire      ###..        2%          1    None
b - Conjure Flame         Conj/Fire      ###.....     8%          3    ##.....
c - Sticky Flame          Conj/Fire      ###.....     24%         4    ####...


Dungeon Overview and Level Annotations

Branches:
Dungeon (3/15)

Altars:


Message History

The flame tongue hits the gnoll.
The gnoll appears unharmed.
The gnoll is almost dead.
The gnoll closely misses you. The gnoll barely misses you. The goblin hits you.
Casting: Flame Tongue
Confirm with . or Enter, or press ? or * to list all spells.
Aiming: Flame Tongue
Press: ? - help, Shift-Dir - straight line, f/p - gnoll
Aim: a gnoll, wielding a halberd (heavily wounded)
The flame tongue hits the gnoll.
You kill the gnoll!
The gnoll hits you from afar with a halberd!
Ouch! That really hurt!
The goblin closely misses you. The gnoll hits you with a spear.
* * * LOW HITPOINT WARNING * * *
The gnoll closely misses you. The gnoll barely misses you.
The goblin barely misses you.
Found 14 gold pieces.
The gnoll hits you from afar with a spear.
You die...

.........#
........$##
..........##
...........#
...........#
.$.........#
........K..#
.......@gg.#
.......g..##
...#...g.##
# #######


You could see 3 gnolls, a goblin and a kobold.

Vanquished Creatures
  4 gnolls
  3 adders
  2 oozes (D:1)
  A worm (D:2)
  2 dart slugs
  3 leopard geckos
  A ball python (D:3)
  2 giant cockroaches (D:2)
  6 goblins
  8 hobgoblins
  4 bats
  2 frilled lizards (D:1)
  7 kobolds
  3 rats
48 creatures vanquished.

Notes
Turn   | Place    | Note
-------+----------+-------------------------------------------
     0 | D:1      | Suckerboh the Deep Elf Fire Elementalist began the quest for the Orb.
     0 | D:1      | Reached XP level 1. HP: 10/10 MP: 6/6
   121 | D:1      | Reached XP level 2. HP: 15/15 MP: 6/8
   536 | D:1      | Reached XP level 3. HP: 19/19 MP: 4/9
  1326 | D:2      | Reached XP level 4. HP: 24/24 MP: 9/12
  1348 | D:2      | Learned a level 3 spell: Conjure Flame
  1353 | D:2      | Learned a level 4 spell: Sticky Flame
  1739 | D:3      | Slain by a gnoll

Skill      XL: |  1  2  3 |
---------------+----------+-----
Fire Magic     | 4 |  4.7
Conjurations   | 2 |  2.7
Spellcasting   | 4 |  4.4
Dodging        | |  2.7
Stealth        | |  2.4

Action                   |  1- 3 |  4- 6 || total
-------------------------+-------+-------++-------
Melee: Unarmed           |     3 |     1 ||     4
 Cast: Flame Tongue      |    61 |    36 ||    97
  Eat: Chunk             |     1 |     1 ||     2
Armor: Robe              |     2 |       ||     2
Dodge: Dodged            |    16 |    18 ||    34
